Map: Eternal Empire LE

Players

gymtonix

  • Race: Terran Terran
  • Spawn Location: 1:00

ViBE - Winner!

  • Race: Zerg Zerg
  • League: Platinum
  • Spawn Location: 7:00

VOD

Have the link to the VOD?

Description

Time

  • Played on: Dec. 10, 2019, 9:08 p.m.
  • Length: 11:26
Show
View Real Time Build Order
Export as new Build Order

gymtonix Terran 

Build Orders:  

Get SALT Encoding   

  12  0:01  SCV  
  13  0:13  SCV  
  14  0:17  Supply Depot  
  14  0:25  SCV  
  15  0:39  SCV  
  15  0:41  Barracks  
  16  0:51  SCV  
  17  0:57  Barracks  
  17  1:03  SCV  
  18  1:12  Barracks  
  18  1:15  SCV  
  19  1:26  Barracks  
  19  1:28  SCV  
  20  1:38  Supply Depot  
  20  1:40  SCV  
  21  1:52  SCV  
  22  2:04  Marine x3, Supply Depot  
  22  2:07  SCV  
  26  2:14  Marine  
  27  2:19  SCV  
  27  2:21  Marine  
  27  2:22  Marine x2  
  31  2:32  SCV, Marine  
  33  2:39  Marine x2  
  35  2:49  Marine  
  35  2:50  Marine  
  37  2:56  Orbital Command  
  37  2:57  Marine x2  
  39  3:01  Supply Depot  
  39  3:11  Refinery  
  39  3:12  Refinery  
  39  3:23  Marine  
  39  3:25  SCV  
  41  3:32  Command Center  
  41  3:37  SCV  
  42  3:43  Barracks Tech Lab  
  42  3:47  Barracks Tech Lab  
  42  3:49  SCV  
  43  4:07  Barracks Tech Lab  
  38  4:10  Barracks Tech Lab  
  30  4:23  SCV  
  31  4:27  Marauder x3  
  31  4:31  Concussive Shells  
  37  4:32  Marine  
  37  4:35  SCV  
  39  4:40  Combat Shield  
  39  4:44  Orbital Command  
  39  4:48  Marine x3, SCV  
  43  4:54  Marine, Supply Depot, Refinery  
  44  5:00  SCV  
  44  5:02  Orbital Command  
  44  5:06  Marine, Marauder x2  
  50  5:11  Marine  
  51  5:15  SCV  
  51  5:21  Refinery  
  52  5:22  Factory  
  52  5:24  Marauder  
  52  5:27  Marine x2, SCV  
  52  5:28  SCV  
  58  5:29  Marine  
  59  5:40  SCV  
  60  5:45  Marine, Marauder x2  
  60  5:46  SCV  
  66  5:54  Supply Depot  
  66  5:58  SCV  
  67  6:10  SCV  
  68  6:23  SCV  
  69  6:27  Factory Reactor  
  69  6:30  Starport  
  69  6:35  SCV  
  69  6:36  Marine, Marauder  
  69  6:37  Marine, Marauder  
  76  6:43  SCV  
  77  6:48  SCV  
  77  6:49  Command Center  
  78  6:58  Supply Depot  
  78  6:59  Marine x4  
  78  7:00  SCV x2  
  76  7:12  SCV  
  66  7:17  Marine x4  
  60  7:24  SCV  
  61  7:31  Factory Reactor  
  61  7:34  Viking x2  
  61  7:35  Marine x2  
  61  7:36  Marine x2  
  69  7:38  SCV  
  70  7:45  Starport  
  70  7:48  Stimpack  
  70  7:50  SCV  
  71  7:52  SCV  
  71  7:53  Marine x2  
  71  7:54  Marine  
  75  8:04  SCV, Viking x2  
  75  8:05  Engineering Bay  
  80  8:06  SCV  
  81  8:14  Orbital Command  
  81  8:16  SCV  
  81  8:19  SCV  
  83  8:21  Marine  
  83  8:22  Marine x3  
  87  8:31  SCV  
  87  8:32  Refinery  
  87  8:33  Starport Reactor, Viking  
  87  8:34  Viking  
  92  8:37  Orbital Command  
  92  8:39  Marine x3  
  95  8:47  Marauder  
  97  8:50  SCV  
  97  8:55  SCV  
  99  8:58  Marauder x3  
  99  9:02  SCV  
  106  9:03  SCV, Viking  
  106  9:09  Supply Depot  
  109  9:11  Supply Depot  
  109  9:18  Engineering Bay  
  109  9:21  Missile Turret  
  109  9:24  Missile Turret  
  109  9:30  SCV x2, Viking x3  
  117  9:32  Supply Depot  
  117  9:33  SCV, Viking  
  117  9:34  Supply Depot, Missile Turret  
  120  9:41  Supply Depot  
  120  9:43  SCV  
  120  9:45  SCV  
  122  9:47  SCV  
  122  9:51  Marauder x2  
  122  9:52  Marauder x2  
  131  9:54  Hellion x2  
  131  9:55  SCV  
  131  9:57  SCV, Missile Turret  
  131  9:59  SCV  
  138  10:00  Viking  
  141  10:07  SCV  
  141  10:13  Marauder  
  143  10:16  Marauder  
  143  10:17  Marauder x2, Hellion  
  143  10:18  Hellion  
  143  10:19  SCV  
  134  10:31  SCV  
  134  10:34  Marine  
  134  10:35  Viking x4  
  140  10:37  Marine  
  140  10:39  Hellion x2  
  149  10:48  Missile Turret  
Show
View Real Time Build Order
Export as new Build Order

ViBE Zerg - Winner!

Build Orders: Hatch First, Muta Ling Bane 

Get SALT Encoding   

  12  0:00  Drone  
  13  0:12  Overlord  
  13  0:17  Drone  
  14  0:30  Drone x2  
  14  0:34  Drone  
  17  0:52  Hatchery  
  17  0:56  Drone  
  17  0:59  Drone  
  18  1:14  Spawning Pool  
  18  1:16  Drone  
  18  1:19  Drone  
  19  1:31  Drone  
  20  1:33  Extractor  
  19  1:41  Drone  
  20  1:57  Overlord  
  20  2:03  Drone  
  20  2:04  Queen x2  
  25  2:08  Zergling x2  
  25  2:11  Zergling x2  
  27  2:22  Drone  
  28  2:23  Drone  
  28  2:27  Overlord  
  29  2:40  Drone x2  
  29  2:42  Lair  
  31  2:45  Queen  
  31  2:50  Spine Crawler  
  32  2:52  Drone x2  
  34  3:05  Drone x2  
  36  3:17  Overlord  
  36  3:20  Overlord  
  35  3:31  Spine Crawler x2  
  35  3:32  Queen  
  35  3:35  Spine Crawler, Drone x3  
  37  3:44  Drone x3  
  37  3:45  Drone  
  37  3:47  Drone  
  42  3:49  Drone  
  42  3:52  Drone  
  42  3:54  Drone  
  45  3:59  Drone x2  
  47  4:09  Drone x3  
  48  4:25  Extractor x2  
  48  4:27  Hatchery  
  45  4:34  Drone x6  
  51  4:39  Roach Warren  
  51  4:42  Evolution Chamber  
  51  4:43  Overseer, Overlord  
  49  4:49  Drone x2  
  49  4:50  Overlord  
  51  5:01  Spire  
  51  5:03  Metabolic Boost  
  50  5:14  Extractor  
  50  5:21  Drone x3  
  52  5:31  Zergling x12  
  58  5:46  Zergling x10  
  58  5:47  Zergling x4  
  65  5:59  Drone x4  
  69  6:07  Drone x4  
  73  6:11  Overlord x2  
  73  6:19  Overlord  
  73  6:20  Overlord x2  
  73  6:21  Drone  
  73  6:23  Zerg Flyer Weapons Level 1  
  73  6:25  Zerg Ground Armor Level 1  
  74  6:28  Hatchery  
  74  6:30  Drone, Baneling Nest  
  73  6:38  Mutalisk x4  
  81  6:44  Mutalisk x3  
  81  6:46  Zergling x10  
  92  6:47  Zergling x2  
  93  6:54  Mutalisk  
  93  6:56  Zergling x4  
  93  6:57  Zergling x4  
  86  7:16  Drone  
  86  7:17  Drone x12  
  97  7:23  Queen  
  99  7:33  Extractor  
  99  7:34  Extractor  
  97  7:43  Drone x12  
  109  7:46  Drone x5  
  114  7:54  Drone x3  
  117  8:01  Hatchery  
  116  8:09  Mutalisk  
  116  8:11  Overlord x7  
  118  8:21  Extractor x2, Overlord x2  
  116  8:31  Drone  
  117  8:35  Mutalisk  
  117  8:36  Mutalisk x8  
  135  8:44  Centrifical Hooks, Zerg Flyer Weapons Level 2  
  135  8:46  Zerg Melee Weapons Level 1  
  135  8:57  Zergling x26  
  135  9:00  Baneling x13  
  135  9:01  Baneling x2  
  135  9:02  Baneling x2  
  148  9:04  Baneling x2  
  148  9:25  Zergling x34  
  148  9:29  Infestation Pit  
  164  9:46  Zergling x2  
  164  9:47  Zergling x22  
  164  9:48  Baneling  
  164  9:49  Baneling x20  
  176  10:01  Zergling x12  
  176  10:07  Mutalisk x4  
  182  10:09  Overlord x2  
  182  10:11  Hive  
  184  10:35  Mutalisk x8  
  191  11:17  Unknown  
Tags
 
Composition
Muta Ling Bane
League
Platinum
Matchup
TvZ
Replay Pack
Zerg
Spawn Locations
Cross Positions
Add a new tag
Caveats
  • Supply blocks, unpowered buildings, or Contaminate may cause inaccurate times.
  • Supply counts are checked every 10 seconds.